 Dungeon Crawl Stone Soup version 0.29.1-4-g47bece8355 (webtiles) character file.

Game seed: 18343101153474552740

20 KittyFluff the Trooper (level 2, 0/20 HPs)
             Began as a Gargoyle Berserker on Dec 7, 2022.
             Was a Follower of Trog.
             Slain by Terence
             ... wielding a +0 hand axe
              (3 damage)
             ... on level 2 of the Dungeon.
             The game lasted 00:03:21 (715 turns).

KittyFluff the Trooper (Gargoyle Berserker)          Turns: 715, Time: 00:03:22

Health: 0/20       AC:  5    Str: 20    XL:     2   Next: 79%
Magic:  2/2        EV: 12    Int:  7    God:    Trog [*.....]
Gold:   48         SH:  0    Dex:  9    Spells: 1/1 levels left

rFire   . . .      SeeInvis .   a - +0 mace
rCold   . . .      Faith    .   (no shield)
rNeg    + . .      Spirit   .   b - +0 animal skin
rPois   ∞          Reflect  .   (no helmet)
rElec   +          Harm     .   (no cloak)
rCorr   .          Rampage  .   (no gloves)
Will    .....                   (no boots)
Stlth   +.........              (no amulet)
HPRegen 0.06/turn               (no ring)
MPRegen 0.08/turn               (no ring)

@: no status effects
A: sickness immunity, AC +2, negative energy resistance 1, electricity
resistance, torment resistance 1, petrification resistance
a: Renounce Religion, Berserk


You were on level 2 of the Dungeon.
You worshipped Trog.
Trog was aware of your devotion.
You visited 1 branch of the dungeon, and saw 2 of its levels.

You collected 48 gold pieces.

Inventory:

Hand Weapons
 a - a +0 mace (weapon)
Missiles
 c - 13 stones (quivered)
 f - 6 poisoned darts
Armour
 b - a +0 animal skin (worn)
Potions
 e - a potion of curing
 g - a potion of heal wounds


   Skills:
 * Level 3.8 Fighting
 + Level 3.2 Maces & Flails
 * Level 2.3 Armour
 + Level 1.8 Dodging


You had one spell level left.
You didn't know any spells.
Your spell library was empty.

Dungeon Overview and Level Annotations

Branches:
Dungeon (2/15)

Altars:

Annotations:
D:2 Terence


Innate Abilities, Weirdness & Mutations

You are immune to sickness and miasma.
Your stone body is resilient. (AC +2)
You are immune to poison.
You resist negative energy. (rN+)
You are resistant to electric shocks. (rElec)
You are resistant to unholy torment.
You are immune to petrification.


Message History

Trog accepts your kill.
Found a stone staircase leading down.
There is a stone staircase leading down here.
There is a stone staircase leading down here.
As you read the scroll labelled JIMUKY WAACHUY, it crumbles to dust.
It is a scroll of identify.
e - a potion of curing You climb downwards.
Found a golden potion.
Found a stone staircase leading up.
There is a stone staircase leading up here.
There is a stone staircase leading up here.
g - a golden potion
As you read the scroll of identify, it crumbles to dust.
g - a potion of heal wounds A kobold comes into view.
It is wielding a +0 short sword.
You hit the kobold.
You kill the kobold!
Trog accepts your kill.
c - 13 stones (gained 4)
Things that are here:
a +0 short sword; a kobold corpse
Found a stone staircase leading down.
A hobgoblin comes into view.
The hobgoblin shouts!
Terence the Incautious comes into view.
He is wielding a +0 hand axe.
Terence shouts!
You barely miss the hobgoblin. The hobgoblin hits you.
You hit the hobgoblin.
The hobgoblin is almost dead.
The hobgoblin hits you but does no damage.
You sock the hobgoblin!
You kill the hobgoblin!
Trog accepts your kill. Terence hits you with a +0 hand axe.
* * * LOW HITPOINT WARNING * * *
You hit Terence.
Terence is moderately wounded.
Terence barely misses you.
You fail to use your ability.
Terence hits you with a +0 hand axe.
You die...

#..#####)# #..#
#.## #..# #..#
#..# #..# #..#
#..#
#..#####..###.###
#................
#<#####...######
#<# #@@.#
#..#...>...#
#.##.......# #.
#........ #.
#........# #.
#........# #.
#.#.#..### #.
#.#.#..#


You could see Terence.

Vanquished Creatures
  A dart slug (D:1)
  2 endoplasms (D:1)
  A giant cockroach (D:1)
  3 goblins (D:1)
  4 hobgoblins
  A frilled lizard (D:1)
  2 kobolds
  3 rats (D:1)
17 creatures vanquished.

Notes
Turn   | Place    | Note
-------+----------+-------------------------------------------
     0 | D:1      | KittyFluff the Gargoyle Berserker began the quest for the
                  | Orb.
     0 | D:1      | Reached XP level 1. HP: 14/14 MP: 1/1
   410 | D:1      | Reached XP level 2. HP: 19/19 MP: 2/2
   708 | D:2      | Noticed Terence
   715 | D:2      | Slain by Terence

Illustrated notes

Levels and vault maps discovered:
D:1:      amcnicky_arrival_blooded_trapdoor, layout_basic,
          minmay_misc_feat_roman
D:2:      layout_loops_ring, shapermc_ecumenical_altar_petra, uniq_terence

Action                   || total
-------------------------++-------
Melee: Mace              ||    50
  Use: Scroll            ||     2
Armor: Animal skin       ||    14
Dodge: Dodged            ||    21
